[Event "*** Titled Tuesday 3|2 Blitz"]
[Site "Chess.com"]
[Date "2015.05.05"]
[Round "4"]
[White "AlmirDzhumaev"]
[Black "kesarev"]
[Result "0-1"]
[WhiteElo "2072"]
[BlackElo "2177"]
[TimeControl "180+2"]
[EndTime "11:50:40 PDT"]
[Termination "kesarev won by checkmate"]

1. e4 g6 2. d4 Bg7 3. Nc3 c5 4. d5 d6 5. f4 Nf6 6. Nf3 Bg4 7. Be2 Bxf3 8. Bxf3 O-O 9. O-O Re8 10. Re1 Nfd7 11.
Ne2 Na6 12. c4 Nc7 13. Rb1 b5 14. b3 bxc4 15. bxc4 Rb8 16. Bd2 Qc8 17. Qa4 Nb6 18.
Qc6 Nxc4 19. Bc3 Nb5 20. Qxb5 Rxb5 21. Rxb5 Qa6 22. Reb1 Bxc3 23. Nxc3 Nd2 24. R1b2 Nxf3+ 25. gxf3 Qa3 26. R5b3 Qa5 27. Ne2 Qe1+ 28. Kg2 h5 29. Ng3 h4 30. Ne2 Kg7 31. Ng1 Qc1 32. Ne2 Qe1 33. Ng1 c4 34. Rb7 Qe3 35. Re2 Qxf4 36. Rc7 Qg5+ 37. Kf2 Qc1 38. Re1 Qb2+ 39.
Ne2 Qxa2 40. Rc1 e6 41. R1xc4 exd5 42. Rc2 Qb3 43. exd5 Qxd5 44. R7c3 Qb5 45. Rd2 Qb6+ 46. Kg2 a5 47. Rcd3 a4 48. Nf4 Qb4 49. Nd5 Qc5 50. Nc3 a3 51. Ne4 Qb4 52. Rxd6 Rxe4 53. fxe4 Qxe4+ 54.
Kf2 h3 55. R6d3 a2 56. Ra3 Qf4+ 57. Ke2 Qe5+ 58. Kf2 Qc5+ 59. Ke2 Qxa3 60. Rxa2 Qxa2+ 61. Kf3 Qxh2 62. Kg4 Qd6 63. Kxh3 f5 64. Kg2 g5 65. Kf3 g4+ 66. Kg2 f4 67. Kf2 Qd2+ 68. Kf1 f3 69. Kg1 Qg2# 0-1

[Event "*** Titled Tuesday 3|2 Blitz"]
[Site "Chess.com"]
[Date "2015.05.05"]
[Round "4"]
[White "Dlugy"]
[Black "megarompa"]
[Result "1/2-1/2"]
[WhiteElo "2511"]
[BlackElo "2662"]
[TimeControl "180+2"]
[EndTime "11:50:49 PDT"]
[Termination "Game drawn by repetition"]

1. d4 Nf6 2. c4 e6 3. Nf3 c5 4. d5 a6 5. a4 exd5 6. cxd5 d6 7. Nc3 g6 8. Nd2 Bg7 9. e4 O-O 10. Be2 Re8 11. O-O Nbd7 12. f4 c4 13. Kh1 Nc5 14. e5 dxe5 15. fxe5 Rxe5 16. Nxc4 Re8 17. Bg5 h6 18.
Bh4 g5 19. Be1 Nce4 20. Nxe4 Nxe4 21. Bh5 Nf6 22. Bc3 Rf8 23. Bb4 Re8 24. Nd6 Rf8 25.
Nxc8 Rxc8 26. Bxf8 Qxf8 27. d6 Rd8 28. Bf3 Rxd6 29. Qb3 b6 30. Rad1 a5 31. Rxd6 Qxd6 32. Rd1 Qc5 33. Qb5 Qxb5 34. axb5 Bf8 35. Rd8 Kg7 36.
Rc8 Nd7 37. Rc7 Ne5 38. Bd5 Bd6 39. Rb7 Bc5 40. g3 Kg6 41. Kg2 f5 42. b3 Ng4 43. Bg8 Ne3+ 44. Kf3 Ng4 45. h4 Ne5+ 46. Ke2 gxh4 47. gxh4 f4 48. Bd5 Kf6 49. Be4 Nf7 50. Kf3 Be3 51. Bd5 Nd6 52. Rh7 Kg6 53. Re7 Nxb5 54.
Re5 Nd4+ 55. Ke4 Ne2 56. h5+ Kg7 57. Re7+ Kf6 58. Rh7 Kg5 59. Bf7 Ng3+ 60. Kf3 Nf1 61. Rh8 Nd2+ 62. Ke2 Kf6 63. Bd5 Kg5 64. Rg8+ Kxh5 65.
Bf3+ Nxf3 66. Kxf3 Kh4 67. Rg4+ Kh5 68. Rg8 Kh4 69. Rg4+ Kh5 70. Rg8 1/2-1/2

[Event "*** Titled Tuesday 3|2 Blitz"]
[Site "Chess.com"]
[Date "2015.05.05"]
[Round "4"]
[White "GMHess"]
[Black "zmaj23"]
[Result "1/2-1/2"]
[WhiteElo "2520"]
[BlackElo "2447"]
[TimeControl "180+2"]
[EndTime "11:51:02 PDT"]
[Termination "Game drawn by repetition"]

1. b3 e5 2. Bb2 Nc6 3. e3 Nge7 4. Ne2 d5 5. Ng3 Be6 6. a3 a6 7. b4 f5 8. b5 axb5 9. Bxb5 f4 10. exf4 exf4 11.
Nh5 Qd6 12. O-O O-O-O 13. a4 Rg8 14. Re1 Bf5 15. Qf3 g5 16. a5 Qb4 17. Qb3 Qxb3 18.
cxb3 Nb4 19. a6 bxa6 20. Bxa6+ Nxa6 21. Rxa6 Kb7 22. Ra3 Nc6 23. Ra1 Nb4 24. Bf6 Rd6 25.
Ra4 c5 26. Be7 Re6 27. Rxe6 Bxe6 28. Bxf8 Rxf8 29. Nc3 d4 30. Ne4 Kb6 31. Ra3 g4 32. g3 fxg3 33. hxg3 Nc2 34. Ra2 Bxb3 35. Rb2 c4 36. d3 Kb5 37. Nd6+ Kb4 38. Nxc4 Kc3 39. Rxb3+ Kxb3 40. Ne5 Kc3 41. Nf4 Ne1 42. Ne2+ Kd2 43.
Nxd4 h5 44. Nb3+ Kc3 45. Nc5 Rf5 46. Ne4+ Kd4 47. Ng6 Nxd3 48. Nd6 Rxf2 49. Nf4 Rf3 50. Nxh5 Ne5 51. Ne8 Ke3 52. Nef6 Ke2 53. Nf4+ Ke1 54. Ng2+ Kd2 55. Nh5 Nd3 56. Kh2 Ke2 57. Nh4 Rf2+ 58. Kg1 Rf1+ 59. Kh2 Rf2+ 60. Kg1 Rf1+ 61. Kh2 Ke1 62.
Ng2+ Ke2 63. Nh4 1/2-1/2

[Event "*** Titled Tuesday 3|2 Blitz"]
[Site "Chess.com"]
[Date "2015.05.05"]
[Round "4"]
[White "9ShMat2"]
[Black "GeorgMeier"]
[Result "0-1"]
[WhiteElo "2424"]
[BlackElo "2732"]
[TimeControl "180+2"]
[EndTime "11:51:09 PDT"]
[Termination "GeorgMeier won by resignation"]

1. e4 e6 2. d4 d5 3. e5 c5 4.
c3 Ne7 5. Nf3 Nec6 6. a3 a5 7. Bd3 b6 8. O-O Ba6 9. Be3 Qc8 10.
Bxa6 Qxa6 11. Nbd2 Nd7 12. Ng5 h6 13. Nh3 Be7 14.
Qg4 g6 15. Nf4 h5 16. Qf3 Rc8 17. Rac1 a4 18. Rfd1 Na5 19. Qe2 Qxe2 20. Nxe2 b5 21. f4 Nc4 22. Nxc4 bxc4 23. dxc5 Bxc5 24. Bd4 Rb8 25.
Rc2 Ke7 26. Kf2 Rb6 27. Ke3 Rhb8 28. Rdd2 R8b7 29. g3 Rb3 30. Kf2 Bxd4+ 31. cxd4 Nb8 32. Nc3 Ra7 33. h3 Nc6 34. Kg2 Ra8 35. Kf2 Rb7 36.
Ke1 Rbb8 37. Kf2 Ra6 38. Ke3 Raa8 39. Rf2 Rh8 40. Rh2 Rh7 41. g4 hxg4 42. hxg4 Rah8 43.
Rxh7 Rxh7 44. Rd2 Rh3+ 45. Kf2 Rh2+ 46. Ke3 Rxd2 47. Kxd2 Nxd4 48. Nxa4 g5 49. Ke3 Nc6 50. Nc5 Kd8 51. b3 cxb3 52. Nxb3 Kc7 53. Nc5 Kb6 54. Nd3 gxf4+ 55. Kxf4 Kb5 56. Ke3 Kc4 57. g5 Kb3 58. Kf4 Ne7 59. Nc5+ Kxa3 60. Nb7 Ng6+ 61. Ke3 Nxe5 62. Nd6 Nc4+ 63. Nxc4+ dxc4 64. Kd4 Kb3 0-1

[Event "*** Titled Tuesday 3|2 Blitz"]
[Site "Chess.com"]
[Date "2015.05.05"]
[Round "4"]
[White "esr44"]
[Black "WanderingPuppet"]
[Result "1/2-1/2"]
[WhiteElo "2035"]
[BlackElo "2092"]
[TimeControl "180+2"]
[EndTime "11:51:12 PDT"]
[Termination "Game drawn - insufficient material"]

1. Nf3 Nf6 2. c4 g6 3. Nc3 Bg7 4. e4 d6 5. d4 O-O 6. h3 e5 7. dxe5 dxe5 8. Qxd8 Rxd8 9. Bg5 Re8 10. Nd5 Nxd5 11.
cxd5 c6 12. Bc4 cxd5 13. Bxd5 Nd7 14. Rc1 Nb6 15. Bb3 Be6 16. Rc7 f5 17. Bxe6+ Rxe6 18. Bd2 Rb8 19. O-O Rc6 20. Re7 fxe4 21. Nxe5 Rc2 22.
Rd1 Rd8 23. Rxg7+ Kxg7 24. Bh6+ Kxh6 25. Rxd8 Rxb2 26. a3 Ra2 27. Rb8 Rxa3 28. Rxb7 Nd5 29. Rd7 Nf4 30. Nf7+ Kg7 31. Ng5+ Kf6 32. Nxe4+ Ke6 33.
Rxh7 Ra1+ 34. Kh2 a5 35. Ra7 a4 36. Nc5+ Kd5 37. Nxa4 Kc6 38. Ra6+ Kb5 39. Rf6 Rxa4 40. g3 Nd3 41. Rxg6 Nxf2 42. Rg5+ Kc6 43. Kg2 Ne4 44. Rg6+ Kd5 45. h4 Ke5 46. h5 Nf6 47. h6 Kf5 48.
Rg7 Ra2+ 49. Kf3 Ra3+ 50. Ke2 Ra8 51. g4+ Nxg4 52. h7 Rh8 53. Kf3 Nf6 54. Rf7 Kg6 55. Ra7 Nxh7 56. Kg4 Nf6+ 57. Kf4 Rh4+ 58. Kg3 Rb4 59. Ra6 Kf5 60. Ra5+ Kg6 61. Ra6 Rb3+ 62. Kf4 Rb4+ 63. Kf3 Kf5 64. Ra5+ Ke6 65. Ra6+ Ke5 66. Ra5+ Nd5 67. Ra8 Rf4+ 68. Kg3 Re4 69. Re8+ Kd4 70. Rxe4+ Kxe4 1/2-1/2

[Event "*** Titled Tuesday 3|2 Blitz"]
[Site "Chess.com"]
[Date "2015.05.05"]
[Round "4"]
[White "Tirantes"]
[Black "AndrewMcStone"]
[Result "0-1"]
[WhiteElo "2114"]
[BlackElo "1996"]
[TimeControl "180+2"]
[EndTime "11:51:47 PDT"]
[Termination "AndrewMcStone won by resignation"]

1. c4 Nf6 2. Nc3 g6 3. g3 Bg7 4. Bg2 O-O 5. d4 d6 6. Nf3 Nc6 7. O-O a6 8. d5 Na5 9. b3 c5 10. dxc6 Nxc6 11. Bb2 Qa5 12. Qd2 Qh5 13. Rad1 Bh3 14. Nd5 Bxg2 15. Kxg2 Nxd5 16. cxd5 Ne5 17. Nxe5 Bxe5 18. Bxe5 Qxe5 19. Rc1 Rac8 20. h4 f5 21. e3 Kg7 22. Qd4 Kf6 23. Rc4 Qxd4 24. exd4 b5 25. Rc6 Rxc6 26. dxc6 Rc8 27. Rc1 Rc7 28. Kf3 Ke6 29. Kf4 h6 30. f3 Kd5 31. h5 e5+ 32. dxe5 dxe5+ 33. Ke3 gxh5 34. Rh1 Rxc6 35. Rh4 Rc3+ 36.
Ke2 Rc2+ 37. Ke3 Rxa2 38. Rxh5 Ra3 39. Rxh6 Rxb3+ 40. Ke2 Rb2+ 41. Ke3 Rb3+ 42. Ke2 Ra3 43. g4 fxg4 44. fxg4 b4 45. Rb6 a5 46. g5 Ke4 47.
g6 Ra2+ 48. Kd1 Rg2 49. Ra6 Kd3 50. Ke1 Kc2 51. Rxa5 b3 52. Rc5+ Kd3 53. Rd5+ Kc4 54. Rd8 Rxg6 55. Kd2 Rg2+ 56. Kc1 e4 57. Rc8+ Kd4 58.
Rd8+ Kc3 59. Rc8+ Kd3 60. Rd8+ Ke3 61. Rb8 b2+ 62. Kb1 Rd2 63. Rf8 Ke2 64. Rh8 e3 65.
Rh2+ Kd3 66. Rh8 e2 67. Rd8+ Ke3 68. Re8+ Kf2 69. Rf8+ Ke1 70. Rf7 Kd1 71. Re7 e1=Q 72. Re2 Qxe2 0-1

[Event "*** Titled Tuesday 3|2 Blitz"]
[Site "Chess.com"]
[Date "2015.05.05"]
[Round "4"]
[White "DanielRensch"]
[Black "Rijeka1999"]
[Result "1-0"]
[WhiteElo "2277"]
[BlackElo "2210"]
[TimeControl "180+2"]
[EndTime "11:52:01 PDT"]
[Termination "DanielRensch won by resignation"]

1. e4 e5 2. Nf3 Nc6 3. d4 exd4 4. Nxd4 Nf6 5. Nxc6 bxc6 6. Bd3 d5 7. e5 Ng4 8. O-O Bc5 9. Qe2 O-O 10. h3 Nxf2 11. Rxf2 Bxf2+ 12. Qxf2 Qe7 13. Nc3 Be6 14. Be3 Rfe8 15.
b3 a5 16. Na4 Bd7 17. Bd4 h6 18. Rf1 Be6 19. Nc5 Rf8 20. a4 Qg5 21. Kh2 Rab8 22. Qe2 Rb4 23. c3 Rbb8 24. Rf3 Qe7 25. Qf2 Kh8 26. Qg3 Rg8 27. Rf2 Rbe8 28. Bc2 Bc8 29.
Qd3 f5 30. exf6 Qd6+ 31. Qg3 Qxg3+ 32. Kxg3 gxf6+ 33. Kh2 Rgf8 34. Rxf6 Rxf6 35. Bxf6+ Kg8 36. Bd3 Re1 37. Kg3 Re8 38. Bd4 Rf8 39. b4 axb4 40.
cxb4 Bf5 41. Be2 Rb8 42. Bc3 d4 43. Bc4+ Kh7 44. Bd2 Rf8 45. a5 h5 46. a6 Ra8 47.
Bf4 Ra7 48. Be5 Kg6 49. Bxd4 Bc8 50. Bd3+ Kf7 51. Be4 Bxa6 52. Bxc6 Bc4 53. Bf3 Ra3 54. Kf4 Ra2 55. Bxh5+ Kg8 56. Bf3 Rc2 57. h4 Bf7 58. Ke5 Rc4 59. Nd3 Rc2 60. Bc5 Rd2 61. Nf4 Rd8 62.
Bd5 Re8+ 63. Kf6 Bxd5 64. Nxd5 Re2 65. g4 Re4 66. Kf5 Rc4 67. h5 Rc2 68. g5 Rc1 69. Nf6+ Kf7 70. g6+ Kg7 71. Ng4 Rf1+ 72. Kg5 Rg1 73.
h6+ Kg8 74. h7+ Kg7 75. Bd4+ 1-0

[Event "*** Titled Tuesday 3|2 Blitz"]
[Site "Chess.com"]
[Date "2015.05.05"]
[Round "4"]
[White "alturas_pacificas"]
[Black "chessloveyou"]
[Result "0-1"]
[WhiteElo "2127"]
[BlackElo "2109"]
[TimeControl "180+2"]
[EndTime "11:52:04 PDT"]
[Termination "chessloveyou won by resignation"]

1. d4 Nf6 2. Bf4 d5 3. e3 g6 4. Nf3 Bg7 5. Be2 O-O 6. O-O Nh5 7. Bg5 h6 8. Bh4 Nd7 9. Nfd2 Nhf6 10. Nc3 c6 11. Bf3 e5 12. Bg3 e4 13. Be2 Nh7 14.
Ncb1 f5 15. c4 g5 16. cxd5 cxd5 17. Bd6 Re8 18. Nc3 Ndf6 19. Be5 Nf8 20. Qb3 Be6 21. Qxb7 Ng6 22. Bc7 Qe7 23. Bb5 Rec8 24. Bc6 Nf8 25. Nxd5 Nxd5 26. Bxd5 Bxd5 27. Qxd5+ Qf7 28. Qxf7+ Kxf7 29. Bd6 Rc2 30. Nb3 Rxb2 31. Rfb1 Rc2 32. Rc1 Rac8 33. Rxc2 Rxc2 34. a4 Nd7 35. Rc1 Rxc1+ 36.
Nxc1 Ke6 37. Bb4 Kd5 38. Kf1 Kc4 39. Bd6 Nb6 40. a5 Nd5 41. a6 Kb5 42. Nb3 Kxa6 43.
Nc5+ Kb5 44. Ne6 Bf6 45. Bf8 h5 46. Ke2 a5 47. Kd2 g4 48. Kc2 Bh4 49. g3 Be7 50.
Bxe7 Nxe7 51. Ng7 a4 52. Nxh5 Kb4 53. Kb2 a3+ 54. Ka2 Nd5 55. Ng7 Nc3+ 56. Ka1 Kb3 57. Ne6 Nd5 58. Nc5+ Kb4 59. Ne6 Kb3 60. Nc5+ Kb4 61.
Ne6 Kc3 62. Ka2 Kb4 63. Nc5 Nc3+ 64. Ka1 Nd1 65. Ne6 Nxf2 66. d5 Nd3 67. d6 Ne5 68. Nf8 Kc3 69. Ka2 Kd3 70. d7 Nxd7 71. Nxd7 Kxe3 72. Ne5 Kf2 73. Ng6 e3 74. Ne7 e2 75. Nxf5 e1=Q 76. Nh6 Qe2+ 77. Kxa3 Qe6 0-1

[Event "*** Titled Tuesday 3|2 Blitz"]
[Site "Chess.com"]
[Date "2015.05.05"]
[Round "4"]
[White "lukas_111111"]
[Black "MITerryble"]
[Result "0-1"]
[WhiteElo "2341"]
[BlackElo "2507"]
[TimeControl "180+2"]
[EndTime "11:52:11 PDT"]
[Termination "MITerryble won by resignation"]

1. e4 e6 2. d4 d5 3. Nc3 Nf6 4. e5 Nfd7 5. f4 c5 6. Nf3 Nc6 7. Be3 Be7 8. Qd2 O-O 9. dxc5 Bxc5 10. O-O-O Qa5 11. Kb1 Bb4 12. Nd4 Bxc3 13. Qxc3 Qxc3 14.
bxc3 Nb6 15. Nb5 Na4 16. Bd4 a6 17. Nd6 Nxd4 18. Rxd4 Nxc3+ 19. Kb2 Ne4 20. Nxe4 dxe4 21. Rxe4 Bd7 22. Bd3 Bc6 23. Re2 Rfd8 24. Rg1 Rd4 25.
g3 Rad8 26. Rf1 Rb4+ 27. Ka1 Bd5 28. a3 Ra4 29. Kb2 Rc8 30. Ra1 g6 31. Re3 Rc6 32. Kc1 Rc3 33. Kb2 Rc5 34. Kc1 Rca5 35. Kb2 Kg7 36. Re2 Rc5 37. Re3 Bc6 38. Re2 Rd4 39.
Re3 a5 40. c3 Rd8 41. Kc2 Ba4+ 42. Kd2 Rcd5 43. Ke2 h6 44. Rb1 Bc6 45. Rb6 g5 46. h4 g4 47. Rb1 R5d7 48. c4 Bf3+ 49. Kd2 Be4 50. Rb3 a4 51. Rc3 Rd4 52. Ke2 Bf3+ 53.
Kd2 Kf8 54. Kc2 b6 55. Kd2 Ke7 56. Kc2 R8d7 57. Kd2 Kd8 58. Kc2 Kc7 59. c5 bxc5 60. Rxc5+ Kb6 61. Rc3 Bd5 62. Re1 Bb3+ 63. Kd2 Bc4 64. Re3 h5 65. Kc2 Bb3+ 66. Kd2 Rd8 67. Ke2 R4d7 68. Re4 Rd4 69. Re3 R8d7 70. Kd2 Bc4 71.
Ke2 Rxd3 72. Rexd3 Rxd3 73. Rxd3 Kc5 74. Ke3 Bxd3 75. Kxd3 Kd5 76. Kc3 Ke4 77. Kb4 Kf3 78.
Kxa4 Kxg3 79. Kb4 Kxf4 80. a4 g3 81. a5 g2 82. a6 g1=Q 0-1

[Event "*** Titled Tuesday 3|2 Blitz"]
[Site "Chess.com"]
[Date "2015.05.05"]
[Round "4"]
[White "AnthonyWirig"]
[Black "Azzaro25"]
[Result "1/2-1/2"]
[WhiteElo "2495"]
[BlackElo "2323"]
[TimeControl "180+2"]
[EndTime "11:57:29 PDT"]
[Termination "Game drawn by stalemate"]

1. d4 d5 2. c4 e6 3. Nf3 Nf6 4. Nc3 Bb4 5. Bg5 h6 6. Bxf6 Qxf6 7. cxd5 exd5 8. e3 c6 9. Be2 O-O 10. O-O Qe7 11. a3 Bd6 12. Qc2 Nd7 13. Bd3 Nf6 14. Bf5 g6 15. Bxc8 Raxc8 16. b4 a6 17. g3 Kg7 18. Kg2 h5 19. h3 Rfe8 20. Rad1 Qd7 21.
Na4 Rcd8 22. Nc5 Qc8 23. Rc1 Ne4 24. Nxe4 Rxe4 25. Ng5 Re7 26. Qd3 Rde8 27. Rc3 Qc7 28. Rb1 Qd7 29. a4 h4 30. gxh4 Rh8 31. Nf3 g5 32. Rg1 gxh4 33. Kf1+ Kf8 34. Rg4 Re4 35. Rxe4 Qxh3+ 36. Ke2 dxe4 37. Qxe4 Bxb4 38. Qe5 Rh6 39. Qb8+ Kg7 40. Rc1 Qe6 41. Rg1+ Rg6 42. Rxg6+ Qxg6 43. Qxb7 Qc2+ 44. Kf1 Bd6 45. Qd7 Qb1+ 46. Kg2 Qg6+ 47. Kh3 Bg3 48. Nxh4 Bxh4 49. Kxh4 Qc2 50. Kg3 Qxa4 51.
Qd8 Qb5 52. e4 a5 53. f3 a4 54. e5 Qd5 55. Qf6+ Kg8 56. Qg5+ Kf8 57. Qe3 Qb3 58. Qh6+ Ke8 59. Qxc6+ Kf8 60. Qh6+ Ke8 61. Qc6+ Kf8 62. d5 a3 63. Qh6+ Kg8 64. Qg5+ Kh7 65. e6 fxe6 66. Qe7+ Kh8 67. Qf8+ Kh7 68. Qe7+ Kh8 69.
dxe6 a2 70. Qf6+ Kh7 71. e7 Qg8+ 72. Kf4 a1=Q 73. Qxa1 Qf7+ 74. Kg3 Qxe7 75. Qd4 Kg6 76. Qd3+ Kf6 77. Qd4+ Kg6 78. Qd3+ Kf6 79. Kg4 Qg7+ 80.
Kh3 Qh6+ 81. Kg2 Qg5+ 82. Kf1 Qc1+ 83. Kf2 Qb2+ 84. Kg3 Qb8+ 85. Kg2 Qb2+ 86. Kh3 Qe5 87. Qd8+ Kg7 88. Qd7+ Kg6 89. Qg4+ Kf6 90. Qh4+ Qg5 91.
Qh8+ Kf7 92. Qc3 Qf5+ 93. Kg2 Kg6 94. Qc6+ Kf7 95. Qc7+ Kg6 96. Qc3 Kf7 97. Kg3 Qg5+ 98. Kf2 Qf5 99. Qd4 Kg6 100. Kg3 Qg5+ 101. Kf2 Qf5 102.
Qe3 Kf7 103. Qh6 Qe5 104. Qh7+ Kf8 105. Kg2 Qg5+ 106. Kh3 Qf4 107. Qh5 Qf6 108. Kg4 Qd4+ 109. Kg5 Qe5+ 110. Kg4 Qd4+ 111. Kh3 Qd7+ 112. Qg4 Qh7+ 113. Kg3 Qe7 114. Qg6 Qe5+ 115. Kg4 Qd4+ 116. Kg3 Qe5+ 117. Kg4 Qd4+ 118. Kh3 Qd7+ 119. Qg4 Qd6 120. Qf5+ Kg7 121. Kg4 Qd4+ 122. Qf4 Qd7+ 123. Qf5 Qd4+ 124. Kh3 Qd6 125. Qg5+ Kf7 126. Kg4 Qd4+ 127. Kh3 Qd7+ 128. Kg2 Qd4 129. Qf5+ Kg7 130. Kh3 Qd6 131. Qg5+ Kf7 132. Qh5+ Kg7 133. Qg4+ Kf7 134. Qe4 Kf6 135. Kg4 Qd7+ 136. Kh4 Qd6 137. Kh3 Qd7+ 138. Kg2 Qd2+ 139. Kf1 Qd1+ 140. Kf2 Qd2+ 141. Kg3 Qg5+ 142. Qg4 Qxg4+ 143. Kxg4 Kg6 144. Kf4 Kf6 145. Ke4 Ke6 146. Kf4 Kf6 147. Kg3 Kf5 148. Kf2 Kf4 149. Ke2 Kf5 150. Ke3 Ke5 151. Kf2 Kf4 152. Kg2 Kf5 153. Kg3 Kg5 154. f4+ Kf5 155. Kf3 Kf6 156. Kg4 Kg6 157. f5+ Kf6 158. Kf4 Kf7 159. Ke5 Ke7 160. Ke4 Kf6 161. Kf4 Kf7 162. Kg5 Kg7 163. f6+ Kf7 164. Kf5 Kf8 165. Kg5 Kf7 166. Kf5 Kf8 167. Ke5 Kf7 168. Kf5 Kf8 169. Kg4 Kf7 170. Kg5 Kf8 171. Kh5 Kf7 172. Kg5 Kf8 173. Kg6 Kg8 174. Kf5 Kf7 175. Ke5 Kf8 176. Ke6 Ke8 177. f7+ Kf8 178. Kf6 1/2-1/2

[Event "*** Titled Tuesday 3|2 Blitz"]
[Site "Chess.com"]
[Date "2015.05.05"]
[Round "5"]
[White "Konavets"]
[Black "amaidel"]
[Result "1-0"]
[WhiteElo "2427"]
[BlackElo "2292"]
[TimeControl "180+2"]
[EndTime "12:00:13 PDT"]
[Termination "Konavets won by resignation"]

1. e4 e5 2. Nf3 Nf6 3. Nxe5 d6 4.
Nf3 Nxe4 5. Nc3 Nf6 6. d4 Be7 7. Bd3 O-O 8. Bg5 c6 9. Qd2 Bg4 10. Qf4 Bh5 11. O-O-O Nbd7 12. Kb1 b5 13. Ne4 Nxe4 14. Qxe4 Bg6 15. Qxe7 Qc7 16. Bf4 Rfe8 17. Qxd6 Qb7 18. Bxg6 hxg6 19. d5 c5 20. Qc6 1-0

[Event "*** Titled Tuesday 3|2 Blitz"]
[Site "Chess.com"]
[Date "2015.05.05"]
[Round "5"]
[White "Rijeka1999"]
[Black "alturas_pacificas"]
[Result "1-0"]
[WhiteElo "2217"]
[BlackElo "2121"]
[TimeControl "180+2"]
[EndTime "12:01:37 PDT"]
[Termination "Rijeka1999 won by resignation"]

1. e4 g6 2. d4 Bg7 3. Nc3 d6 4. Be2 a6 5. a4 Nc6 6. Be3 Nf6 7. d5 Nb4 8. Nf3 O-O 9. O-O e6 10. dxe6 Bxe6 11. Nd4 Bd7 12. Qd2 Nc6 13.
Nxc6 Bxc6 14. f3 Re8 15. Bg5 Qd7 16. b3 Qe6 17. Rad1 Rad8 18. Bc4 Qc8 19. Qf4 Nh5 20. Qxf7+ Kh8 21. Bxd8 Bxc3 1-0

[Event "*** Titled Tuesday 3|2 Blitz"]
[Site "Chess.com"]
[Date "2015.05.05"]
[Round "5"]
[White "Boryboy"]
[Black "MinhGTrAn"]
[Result "1-0"]
[WhiteElo "2447"]
[BlackElo "2507"]
[TimeControl "180+2"]
[EndTime "12:02:34 PDT"]
[Termination "Boryboy won by resignation"]

1. d4 Nf6 2. Nf3 e6 3. g3 c5 4. Bg2 Nc6 5. O-O cxd4 6. Nxd4 Qb6 7. Nxc6 bxc6 8. c4 d5 9. Nc3 Be7 10. cxd5 cxd5 11. e4 dxe4 12. Nxe4 Bb7 13. Nxf6+ Bxf6 14. Qa4+ Ke7 15. Be3 Qa6 16. Bc5+ Kd8 1-0

[Event "*** Titled Tuesday 3|2 Blitz"]
[Site "Chess.com"]
[Date "2015.05.05"]
[Round "5"]
[White "PowerThinking2650"]
[Black "Haykos"]
[Result "0-1"]
[WhiteElo "2061"]
[BlackElo "2198"]
[TimeControl "180+2"]
[EndTime "12:02:57 PDT"]
[Termination "Haykos won by resignation"]

1. e4 e5 2. Nf3 Nc6 3. Bc4 Nf6 4. d4 exd4 5. e5 d5 6. Bb5 Ne4 7. Nxd4 Bd7 8. Bxc6 Bxc6 9. Nxc6 bxc6 10. O-O Bc5 11. Qg4 Qd7 12. Qxg7 O-O-O 13. Nc3 Rdg8 14. Nxe4 Rxg7 15.
Nxc5 Qh3 16. g3 h5 17. a4 h4 18. Ra3 hxg3 0-1

[Event "*** Titled Tuesday 3|2 Blitz"]
[Site "Chess.com"]
[Date "2015.05.05"]
[Round "5"]
[White "cassoulet"]
[Black "WanderingPuppet"]
[Result "1-0"]
[WhiteElo "2202"]
[BlackElo "2086"]
[TimeControl "180+2"]
[EndTime "12:03:13 PDT"]
[Termination "cassoulet won by resignation"]

1. e4 c5 2. Nc3 d6 3. f4 g6 4. Nf3 Bg7 5. Bc4 Nc6 6. O-O Nf6 7. d3 O-O 8. Qe1 Nd4 9. Nxd4 cxd4 10. Nd1 d5 11. Bb3 dxe4 12. dxe4 Qb6 13. Kh1 Be6 14. f5 Bxb3 15. axb3 Rac8 16. e5 Nd5 17. Qe4 Nb4 18. c3 Nc6 19. f6 exf6 20. exf6 Bh8 21. Bh6 Rfe8 22. Qd5 Re6 23. Qxe6 Qb5 24. Qxc8+ 1-0

[Event "*** Titled Tuesday 3|2 Blitz"]
[Site "Chess.com"]
[Date "2015.05.05"]
[Round "5"]
[White "facu57"]
[Black "geeeeri"]
[Result "1-0"]
[WhiteElo "2174"]
[BlackElo "2033"]
[TimeControl "180+2"]
[EndTime "12:03:38 PDT"]
[Termination "facu57 won by resignation"]

1. e4 e6 2. d4 d5 3. exd5 exd5 4.
Nf3 Nc6 5. c3 Bg4 6. Bd3 Bd6 7.
O-O Nge7 8. Bg5 f6 9. Bh4 g5 10. Bg3 Bxg3 11. fxg3 Qd6 12. Nbd2 O-O-O 13. Qe2 h5 14.
Rae1 h4 15. gxh4 Rxh4 16. h3 Rdh8 17. b4 a6 18. hxg4 Rxg4 19. Qe6+ Qxe6 20. Rxe6 f5 21. Ne5 Nxe5 22. Rxe5 Kd8 23. Bxf5 Rgh4 24. Nf3 Rf4 25.
Bd3 g4 26. Ng5 Rxf1+ 27. Kxf1 Rf8+ 28. Kg1 Kd7 29. Ne6 Rf7 30. Nc5+ Kc8 31. Ne6 Kd7 32. Ng5 Rf6 33. Be2 Rf4 34. Ne6 Re4 35. Nc5+ 1-0

[Event "*** Titled Tuesday 3|2 Blitz"]
[Site "Chess.com"]
[Date "2015.05.05"]
[Round "5"]
[White "pedromartinez91"]
[Black "brauliocuarta"]
[Result "1-0"]
[WhiteElo "2164"]
[BlackElo "2072"]
[TimeControl "180+2"]
[EndTime "12:04:34 PDT"]
[Termination "pedromartinez91 won by checkmate"]

1. e4 c5 2. Nf3 e6 3. d4 cxd4 4. Nxd4 a6 5. c4 Nf6 6. Bd3 Nc6 7. Nc2 Qc7 8. h3 Ne5 9. b3 b6 10. f4 Nxd3+ 11. Qxd3 Bb7 12. e5 Ne4 13. O-O Bc5+ 14. Kh2 O-O 15. Be3 f5 16. Nc3 b5 17.
Bxc5 Qxc5 18. Nxe4 Bxe4 19. Qe3 Qc7 20. Ne1 Rac8 21.
cxb5 axb5 22. a4 bxa4 23. bxa4 Qa5 24. Rf2 Rc3 25. Qd4 Qc7 26. Rd2 Bd5 27. a5 Rc4 28.
Qb6 Qc8 29. a6 Rxf4 30. a7 Qa8 31. Nd3 Rc4 32. Nc5 Bc6 33. Rxd7 Bxg2 34. Qc7 Kh8 35. Rxg7 Rh4 36. Rxg2 Qf3 37. Qg7# 1-0

[Event "*** Titled Tuesday 3|2 Blitz"]
[Site "Chess.com"]
[Date "2015.05.05"]
[Round "5"]
[White "vovkcoach"]
[Black "Shankland"]
[Result "0-1"]
[WhiteElo "2432"]
[BlackElo "2526"]
[TimeControl "180+2"]
[EndTime "12:04:40 PDT"]
[Termination "Shankland won by resignation"]

1. d4 Nf6 2. c4 e6 3. Nf3 b6 4. Nc3 Bb7 5. Bg5 Bb4 6. Nd2 h6 7. Bh4 O-O 8. e4 g5 9. Bg3 Bxc3 10. bxc3 Nxe4 11. Nxe4 Bxe4 12. h4 Bg6 13. hxg5 hxg5 14. Bd3 d6 15. Qe2 Qf6 16. Be4 Nd7 17. Bxa8 Rxa8 18.
O-O-O Nc5 19. f3 Na4 20. Kd2 Qf5 21. Ke1 Nxc3 22. Qd2 Nxd1 23. Qxd1 b5 24. c5 Rd8 25. cxd6 cxd6 26. Kf2 Qd5 27. Qd2 Rc8 28. Kg1 Rc2 29.
Qa5 Qxd4+ 30. Kh2 Qh8+ 31. Kg1 Rc1+ 32. Be1 Qd4+ 33. Kh2 Qe5+ 34. f4 Qxf4+ 35. g3 Rc2+ 0-1

[Event "*** Titled Tuesday 3|2 Blitz"]
[Site "Chess.com"]
[Date "2015.05.05"]
[Round "5"]
[White "Lupul_Cenusiu"]
[Black "Keranke"]
[Result "0-1"]
[WhiteElo "2315"]
[BlackElo "2547"]
[TimeControl "180+2"]
[EndTime "12:04:42 PDT"]
[Termination "Keranke won by resignation"]

1. d4 g6 2. c4 Bg7 3. Nc3 d6 4. Nf3 Nf6 5. e4 O-O 6. Be2 Bg4 7. O-O Nfd7 8. Be3 Nc6 9. d5 Bxf3 10. Bxf3 Na5 11.
Be2 Bxc3 12. bxc3 e5 13. g3 Qe7 14. Kg2 b6 15. h4 Nb7 16. f3 Nbc5 17. Qd2 f5 18.
Bd3 fxe4 19. fxe4 Rxf1 20. Rxf1 Rf8 21. Rxf8+ Qxf8 22. Bc2 Nf6 23. Bxc5 bxc5 24. Qg5 Kg7 25. Qc1 Qc8 26. Qe3 Qa6 27. Bb3 Qa3 28. Kf3 Qb2 29. Qd3 h5 30. Qc2 Qa1 31. Kg2 Qe1 32. Qd3 Nxe4 33. Bc2 Qd2+ 34. Qxd2 Nxd2 35. Bd3 e4 36.
Be2 Kf6 37. Kf2 Nb1 38. Ke3 Nxc3 39. Bf1 Ke5 40. Bg2 Nd1+ 41. Kd2 Nb2 42. Kc3 Na4+ 43. Kb3 Nb6 44. Kc3 Nc8 45. Bh3 Ne7 46. g4 Kf4 47. gxh5 gxh5 48. Be6 Kg3 49. Kd2 Kf2 0-1

[Event "*** Titled Tuesday 3|2 Blitz"]
[Site "Chess.com"]
[Date "2015.05.05"]
[Round "5"]
[White "VSERGUEI"]
[Black "hellokostya"]
[Result "1-0"]
[WhiteElo "2480"]
[BlackElo "2276"]
[TimeControl "180+2"]
[EndTime "12:04:45 PDT"]
[Termination "VSERGUEI won by resignation"]

1. d4 Nf6 2. c4 e6 3. Nc3 Bb4 4. f3 d5 5. a3 Be7 6. e4 dxe4 7.
fxe4 e5 8. d5 Bc5 9. Nf3 Bg4 10. h3 Bxf3 11. Qxf3 Nbd7 12. Bd3 c6 13. Bd2 O-O 14. O-O-O Ne8 15. Kb1 Nd6 16. b4 Bd4 17. c5 Nc8 18. Ne2 Bxc5 19. bxc5 Nxc5 20. Bb4 Qb6 21.
Qe3 Nxd3 22. Qxb6 Nxb6 23. Rxd3 Rfd8 24. Rhd1 cxd5 25. exd5 Nc4 26. Ka2 a5 27. Be7 Rd7 28. d6 f6 29. Rc1 Rc8 30. a4 Rc6 31. Kb3 Nb6 32. Rxc6 bxc6 33. Rc3 Rb7 34. Rxc6 1-0

[Event "*** Titled Tuesday 3|2 Blitz"]
[Site "Chess.com"]
[Date "2015.05.05"]
[Round "5"]
[White "Hikaru"]
[Black "Cryptochess"]
[Result "1-0"]
[WhiteElo "2832"]
[BlackElo "2401"]
[TimeControl "180+2"]
[EndTime "12:05:00 PDT"]
[Termination "Hikaru won by resignation"]

1. d4 Nf6 2. Bg5 e6 3. e4 h6 4. Bxf6 Qxf6 5. c3 g6 6. Nd2 Bg7 7.
Bd3 O-O 8. Ne2 d6 9. O-O a6 10.
f4 Qe7 11. Nf3 b5 12. e5 Bb7 13. Ng3 Nd7 14. Be4 Bxe4 15. Nxe4 Nb6 16. Qd3 Nd5 17. g3 Rfd8 18. a4 Rab8 19. axb5 axb5 20. Rae1 Qe8 21. h4 Qc6 22. h5 Qc4 23. Qc2 gxh5 24. Nh4 b4 25. b3 Qc6 26. c4 Nc3 27. Nf6+ Bxf6 28. exf6 Ra8 29. f5 Ra2 30. Qd3 e5 31. dxe5 Qc5+ 32.
Kh1 Qc6+ 33. Rf3 Rda8 34. e6 Ra1 35. Rxa1 Rxa1+ 36. Kh2 Qc5 37. Qe3 Ra2+ 38. Ng2 Qc6 39. exf7+ Kh7 40. f8=Q 1-0